 Dungeon Crawl Stone Soup version 0.20-a0-947-g2784f4f (webtiles) character file.

83974 4thArraOfDagon the Devastator (level 15, -8/90 HPs)
             Began as a Mummy Wanderer on Apr 3, 2017.
             Was an Elder of Sif Muna.
             Shot with an arrow by a centaur warrior (21 damage)
             ... on level 13 of the Dungeon.
             The game lasted 01:54:40 (20806 turns).

4thArraOfDagon the Devastator (Mummy Wanderer)     Turns: 20806, Time: 01:54:42

Health: -8/90      AC:  8    Str: 13    XL:     15   Next: 33%
Magic:  17/48      EV: 11    Int: 19    God:    Sif Muna [****..]
Gold:   1330       SH:  0    Dex: 16    Spells: 9/42 levels left

rFire    x . .     SeeInvis .   i - staff of power {!a}
rCold    + + .     Gourm    .   (no shield)
rNeg     + + +     Faith    .   T - +2 robe {MR+}
rPois    ∞         Spirit   .   w - +1 helmet {Int+3}
rElec    .         Reflect  .   Q - scarf {rC+}
rCorr    .         Harm     .   g - +0 pair of gloves
MR       ++...                  A - +0 pair of boots
Stlth    +.........             O - amulet of regeneration
Regen    0.7/turn               f - ring of wizardry
MPRegen  0.4/turn               D - +4 ring of slaying

@: divine energy
A: no food or potions, fire vulnerability, cold resistance 1, negative energy
resistance 3, torment resistance, unbreathing, in touch with death 1
a: Stop Divine Energy, Channel Magic, Forget Spell, Renounce Religion


You were on level 13 of the Dungeon.
You worshipped Sif Muna.
Sif Muna was greatly pleased with you.
You were not hungry.

You visited 5 branches of the dungeon, and saw 23 of its levels.

You collected 2502 gold pieces.
You spent 1172 gold pieces at shops.

Inventory:

Hand Weapons
 c - the +4 halberd "Viown" {chop, rPois Int+5}
   (You took it off a big kobold on level 9 of the Dungeon)

   It inflicts extra damage upon your enemies.
   It affects your intelligence (+5).
   It protects you from poison.
 d - a +0 blowgun
 k - the +1 bardiche of Quick Death {chop, MR+ Dex+3}
   (You found it on level 6 of the Lair of Beasts)

   It inflicts extra damage upon your enemies.
   It affects your dexterity (+3).
   It affects your resistance to hostile enchantments.
 C - a +4 battleaxe of freezing
 W - the +4 morningstar of Watchfulness {speed, rN+}
   (You bought it in a shop on level 2 of the Orcish Mines)

   Attacks with this weapon are significantly faster.
   It protects you from negative energy.
Missiles
 j - 3 curare-tipped needles
 t - a throwing net (quivered)
 z - 3 poisoned needles
Armour
 g - a +0 pair of gloves (worn)
 p - a +0 helmet
 w - a +1 helmet of intelligence (worn)
 A - a +0 pair of boots (worn)
 Q - a scarf of cold resistance (worn)
 S - a +2 robe of cold resistance
 T - a +2 robe of magic resistance (worn)
Magical Staves
 i - an uncursed staff of power (weapon) {!a}
 P - an uncursed staff of air
Jewellery
 e - an uncursed ring of flight
 f - a ring of wizardry (left hand)
 D - a +4 ring of slaying (right hand)
 O - an amulet of regeneration (around neck)
 R - an uncursed ring of ice
Wands
 h - a wand of digging (4/24)
 m - a wand of flame (8/48)
 B - a wand of flame (26/48)
 E - a wand of digging (6/24)
 F - a wand of lightning (1/15)
 H - a wand of lightning (0/15)
 I - a wand of acid (9/15)
 K - a wand of confusion (12/48)
 L - a wand of iceblast (8/15)
 M - a wand of scattershot (2/9)
 X - a wand of lightning (9/15)
Scrolls
 b - 3 scrolls of teleportation
 l - 3 scrolls of amnesia
 o - 2 scrolls of blinking
 q - a scroll of vulnerability
 r - 9 scrolls of remove curse
 s - a scroll of recharging
 u - 10 scrolls of magic mapping
 v - 5 scrolls of enchant weapon
 y - 3 scrolls of enchant armour
 G - 4 scrolls of fog
 N - a scroll of brand weapon
 U - 4 scrolls of identify
Books
 a - a book of Minor Magic

   Spells                             Type                      Level
   a - Magic Dart                     Conjuration                  1
   b - Blink                          Translocation                2
   c - Call Imp                       Summoning                    2
   d - Slow                           Hexes                        2
   e - Conjure Flame                  Conjuration/Fire             3
   f - Mephitic Cloud                 Conjuration/Poison/Air       3
 n - a book of Battle

   Spells                             Type                      Level
   a - Infusion                       Charms                       1
   b - Shroud of Golubria             Charms/Translocation         2
   c - Song of Slaying                Charms                       2
   d - Spectral Weapon                Hexes/Charms                 3
   e - Regeneration                   Charms/Necromancy            3
 J - Sif Muna's Tome of Captivating Attacks
   (Sif Muna gifted it to you on level 11 of the Dungeon)

   Spells                             Type                      Level
   a - Throw Icicle                   Conjuration/Ice              4
   b - Force Lance                    Conjuration/Translocation    4
   c - Leda's Liquefaction            Hexes/Earth                  4
   d - Fireball                       Conjuration/Fire             5
   e - Bolt of Magma                  Conjuration/Fire/Earth       5
 Z - a book of Power

   Spells                             Type                      Level
   a - Iskenderun's Battlesphere      Conjuration/Charms           5
   b - Venom Bolt                     Conjuration/Poison           5
   c - Bolt of Magma                  Conjuration/Fire/Earth       5
   d - Iron Shot                      Conjuration/Earth            6
   e - Orb of Destruction             Conjuration                  7
   f - Spellforged Servitor           Conjuration/Summoning        7
Miscellaneous
 V - a fan of gales


   Skills:
 - Level 2.4 Throwing
 + Level 14.2 Spellcasting
 * Level 15.4 Conjurations
 - Level 1.5 Translocations
 * Level 10.1 Fire Magic
 - Level 2.4 Air Magic
 - Level 1.0 Earth Magic
 - Level 10.1 Invocations


You had 9 spell levels left.
You knew the following spells:

 Your Spells              Type           Power        Failure   Level  Hunger
a - Magic Dart            Conj           ####         0%          1    N/A
b - Mephitic Cloud        Conj/Pois/Air  #####...     1%          3    N/A
c - Conjure Flame         Conj/Fire      ######..     1%          3    N/A
d - Blink                 Tloc           N/A          1%          2    N/A
e - Fireball              Conj/Fire      ######....   1%          5    N/A
f - Orb of Destruction    Conj           ######....   4%          7    N/A
g - Iron Shot             Conj/Erth      #####.....   12%         6    N/A
h - Bolt of Fire          Conj/Fire      ######....   1%          6    N/A

Dungeon Overview and Level Annotations

Branches:
Dungeon (13/15)            Temple (1/1) D:5            Lair (6/6) D:9
  Swamp (0/4) Lair:4        Snake (1/4) Lair:3          Orc (2/2) D:10
    Elf (0/3) Orc:2        Vaults (0/5) D:13
  Slime: Lair:5-6

Altars:
Ashenzari
Dithmenos
Elyvilon
Fedhas
Gozag
Hepliaklqana
Kikubaaqudgha
Makhleb
Okawaru
Qazlal
Ru
Sif Muna
Trog
Uskayaw
Vehumet
Wu Jian
Xom
Yredelemnul
Zin
The Shining One
Beogh

Shops:
D:9 ?   D:11 =   Orc:2 ([*(

Annotations:
D:3 KittyKat's ghost, weakling FeAE
D:9 anet's ghost, novice DEWz
D:13 Rupert
Orc:2 Saint Roka


Innate Abilities, Weirdness & Mutations

You do not eat or drink.
Your flesh is vulnerable to fire.
You are immune to poison.
Your flesh is cold resistant. (rC+)
You are immune to negative energy. (rN+++)
You are immune to unholy pain and torment.
You can survive without breathing.
You are in touch with the powers of death.


Message History

Casting: Bolt of Fire
Confirm with . or Enter, or press ? or * to list all spells.
Aiming: Orb of Destruction
Press: ? - help, Shift-Dir - straight line, f - ogre mage
Aim: an ogre mage, wearing a robe (purple smoke, fast)
The wavering orb of destruction hits the ogre mage.
The ogre mage is severely wounded.
Unknown command.
Casting: Orb of Destruction
Confirm with . or Enter, or press ? or * to list all spells.
Aiming: Bolt of Fire
Press: ? - help, Shift-Dir - straight line, f/p - ogre mage
Aim: an ogre mage, wearing a robe (magical condensation, severely wounded, fast)
The bolt of fire hits the ogre mage.
You kill the ogre mage!
Sif Muna accepts your kill.
The bolt of fire hits the centaur warrior.
The centaur warrior is severely wounded.
The centaur warrior shoots an arrow.
The arrow hits you!!
You die...

# ### e #.. #5 #.. #. #.. #?
#.. #. #..
#O#h#∩#######################..
.....5cO))§§c§@§§...........'..
#############################..
#.. ###


You could see a centaur warrior.

Vanquished Creatures
  Nessos (D:12)
  A dire elephant (Lair:2)
  Snorg (Orc:1)
  The ghost of dxctxrx the Martial Artist, a journeyman MfTm of Makhleb (Lair:2)
  A vault guard (D:13)
  Fannar (Orc:1)
  4 hydras
  3 centaur warriors (D:13)
  A death knight (D:12)
  5 two-headed ogres
  2 ogre magi (D:13)
  A naga sharpshooter (Snake:1)
  An unseen horror (D:13)
  5 orc sorcerers
  3 ugly things
  A deep elf mage (D:13)
  An oklob plant (Lair:3)
  4 cyclopes
  Maurice (D:8)
  23 elephants
  A centaur zombie (D:13)
  5 black mambas
  A torpor snail (Lair:6)
  25 spiny frogs
  3 gargoyles
  5 komodo dragons
  3 kobold demonologists
  2 freezing wraiths (D:12)
  3 rime drakes
  2 trolls
  A queen bee (D:11)
  4 tyrant leeches
  A polar bear (Lair:2)
  12 hippogriffs
  32 blink frogs
  9 dream sheep
  A vampire (D:9)
  A spriggan (Lair:2)
  2 shadows
  4 wraiths
  50 yaks
  Sigmund (D:3)
  6 wyverns
  Eustachio (Temple)
  2 hungry ghosts
  Grum (D:8)
  3 basilisks
  3 wargs
  Menkaure (D:4)
  6 vampire mosquitoes
  3 nagas
  An acid dragon (D:13)
  12 water moccasins
  7 porcupines
  Duvessa (D:4)
  31 orc warriors
  A swamp drake (Lair:4)
  5 ice beasts
  3 black bears
  A necrophage (D:10)
  An eye of draining (D:13)
  2 sky beasts
  2 phantoms
  13 ogres
  8 wolves
  21 centaurs
  12 crocodiles
  4 big kobolds
  A gnoll sergeant (D:12)
  31 bullfrogs
  A wyvern skeleton (D:13)
  Dowan (D:4)
  A scorpion (D:7)
  33 killer bees
  5 wights (D:8)
  2 electric eels
  3 howler monkeys (D:12)
  8 crimson imps
  3 bullfrog zombies
  9 hounds
  4 jellies
  3 centaur skeletons
  21 orc priests
  34 orc wizards
  A bullfrog skeleton (D:12)
  5 iguanas
  8 worker ants
  A killer bee zombie (D:9)
  2 hound skeletons
  A worker ant zombie (D:6)
  2 howler monkey zombies
  6 gnolls
  9 adders
  2 shadow imps
  2 oozes
  A worm (D:4)
  2 dart slugs (D:4)
  6 leopard geckos
  113 orcs
  5 bats
  6 giant cockroaches
  7 goblins
  7 hobgoblins
  12 jackals
  8 quokkas
  A ball python (D:3)
  8 frilled lizards
  8 kobolds
  A leopard gecko skeleton (D:8)
  A leopard gecko zombie (D:5)
  5 rats
  A bush (Lair:5)
  8 plants
779 creatures vanquished.

Vanquished Creatures (collateral kills)
  2 killer bees (D:11)
2 creatures vanquished.

Vanquished Creatures (others)
  A killer bee (D:11)
  An iguana (Lair:4)
  An adder (D:3)
  A quokka (D:3)
  A frilled lizard (D:3)
  104 fungi
  48 plants
157 creatures vanquished.

Grand Total: 938 creatures vanquished

Notes
Turn   | Place    | Note
-------+----------+-------------------------------------------
     0 | D:1      | 4thArraOfDagon the Mummy Wanderer began the quest for the Orb.
     0 | D:1      | 4thArraOfDagon set off with: a book of Minor Magic, a scroll of teleportation, 11 poisoned needles, a +0 blowgun, a +0 robe
     0 | D:1      | Reached XP level 1. HP: 13/13 MP: 4/4
    64 | D:2      | Learned a level 1 spell: Magic Dart
    95 | D:3      | Noticed a crimson imp
   310 | D:3      | Noticed a black bear
   315 | D:3      | Noticed Sigmund
   323 | D:3      | Killed a black bear
   323 | D:3      | Reached skill level 2 in Conjurations
   323 | D:3      | Reached XP level 2. HP: 12/19 MP: 3/6
   323 | D:3      | Reached XP level 3. HP: 16/24 MP: 4/8
   323 | D:3      | Reached XP level 4. HP: 20/30 MP: 4/9
   330 | D:3      | Learned a level 3 spell: Mephitic Cloud
   334 | D:3      | Learned a level 3 spell: Conjure Flame
   337 | D:3      | Learned a level 2 spell: Blink
   455 | D:3      | Killed Sigmund
   455 | D:3      | Reached skill level 3 in Conjurations
   455 | D:3      | Reached XP level 5. HP: 31/35 MP: 3/10
   506 | D:3      | Noticed KittyKat's ghost (weakling FeAE)
   548 | D:4      | Noticed an ogre
   578 | D:4      | Killed an ogre
   578 | D:4      | Reached skill level 4 in Conjurations
   578 | D:4      | Reached XP level 6. HP: 36/41 MP: 6/11
   833 | D:4      | Reached skill level 5 in Conjurations
   855 | D:4      | Noticed Duvessa
   855 | D:4      | Noticed Dowan
   896 | D:4      | Noticed Menkaure
   934 | D:5      | Entered Level 5 of the Dungeon
  1224 | D:6      | Reached XP level 7. HP: 44/46 MP: 4/12
  1242 | D:6      | Found a burning altar of Makhleb.
  1245 | D:6      | boring
  1294 | D:6      | Reached skill level 6 in Conjurations
  1462 | D:7      | Found a shattered altar of Ashenzari.
  1648 | D:5      | Noticed Eustachio
  1770 | D:4      | Killed Menkaure
  1933 | D:5      | Found a staircase to the Ecumenical Temple.
  1974 | Temple   | Entered the Ecumenical Temple
  2015 | Temple   | Became a worshipper of Sif Muna the Loreminder
  2041 | Temple   | Killed Eustachio
  2041 | Temple   | Reached skill level 7 in Conjurations
  2041 | Temple   | Reached XP level 8. HP: 45/52 MP: 10/13
  2138 | D:5      | Found a shattered altar of Ashenzari.
  2215 | D:4      | Reached skill level 1 in Invocations
  3504 | D:2      | Found a stormy altar of Qazlal.
  3758 | D:2      | Found an iron altar of Okawaru.
  4071 | D:3      | Reached * piety under Sif Muna
  4404 | D:4      | Killed Duvessa
  4413 | D:4      | Killed Dowan
  4413 | D:4      | Reached skill level 8 in Conjurations
  4453 | D:4      | Found a blossoming altar of Fedhas.
  4504 | D:4      | Reached skill level 5 in Spellcasting
  5493 | D:7      | Reached XP level 9. HP: 53/57 MP: 11/17
  5657 | D:7      | Reached ** piety under Sif Muna
  5746 | D:7      | Found a glowing silver altar of Zin.
  5908 | D:8      | Reached skill level 1 in Fire Magic
  6105 | D:8      | Noticed a two-headed ogre
  6125 | D:8      | Noticed Grum
  6132 | D:8      | Killed a two-headed ogre
  6132 | D:8      | Reached skill level 9 in Conjurations
  6137 | D:8      | Killed Grum
  6209 | D:8      | Reached *** piety under Sif Muna
  6329 | D:8      | Reached XP level 10. HP: 35/63 MP: 16/20
  6981 | D:8      | Found a sacrificial altar of Ru.
  7080 | D:8      | Noticed Maurice
  7100 | D:8      | Killed Maurice
  7378 | D:9      | Found Qumeij's Magic Scroll Shop.
  7381 | D:9      | Bought a scroll of identify for 34 gold pieces
  7381 | D:9      | Bought a scroll of identify for 34 gold pieces
  7381 | D:9      | Bought a scroll of teleportation for 51 gold pieces
  7381 | D:9      | Bought a scroll of random uselessness for 17 gold pieces
  7414 | D:9      | Found a shimmering altar of Xom.
  7455 | D:9      | Found a radiant altar of Vehumet.
  7455 | D:9      | Found an opulent altar of Gozag.
  7464 | D:9      | Noticed anet's ghost (novice DEWz)
  7481 | D:9      | Noticed a two-headed ogre
  7486 | D:9      | Reached skill level 5 in Invocations
  7832 | D:10     | Entered Level 10 of the Dungeon
  7882 | D:10     | Reached **** piety under Sif Muna
  7988 | D:10     | Reached skill level 10 in Conjurations
  8341 | D:10     | Reached skill level 5 in Fire Magic
  8512 | D:10     | Noticed a gargoyle
  8616 | D:11     | Noticed a white ugly thing
  8622 | D:11     | Killed a white ugly thing
  8685 | D:11     | Found Weuzere's Jewellery Emporium.
  8721 | D:11     | Reached XP level 11. HP: 16/68 MP: 10/23
  9010 | D:11     | Bought an uncursed amulet of regeneration for 480 gold pieces
  9031 | D:11     | Turgon: Mhmm, rF++ isn't that bad for a mummy :-)
  9045 | D:11     | 4thArraOfDagon: wait
  9045 | D:11     | 4thArraOfDagon: ohh
  9045 | D:11     | 4thArraOfDagon: yea thats fantastoc actually
  9070 | D:11     | Turgon: In my recent DsCK game my boss gave me 3.7 k gold very early in the game
  9072 | D:11     | Reached ***** piety under Sif Muna
  9084 | D:11     | Turgon: So Xom > Sif?
  9096 | D:12     | Turgon: :-)
  9105 | D:12     | Identified Sif Muna's Papyrus of Bewitchment (Sif Muna gifted it to you on level 12 of the Dungeon)
  9105 | D:12     | Received a gift from Sif Muna
  9136 | D:12     | Noticed a death knight
  9136 | D:12     | Noticed a skeletal warrior
  9185 | D:11     | 4thArraOfDagon: haha
  9185 | D:11     | 4thArraOfDagon: 3.7k???
  9423 | D:12     | Noticed Nessos
  9455 | D:12     | Killed Nessos
  9644 | D:12     | Noticed a two-headed ogre
  9674 | D:12     | Noticed a purple ugly thing
  9690 | D:12     | Killed a purple ugly thing
  9720 | D:12     | Killed a two-headed ogre
 10229 | D:11     | Reached skill level 11 in Conjurations
 10616 | D:11     | Identified Sif Muna's Tome of Captivating Attacks (Sif Muna gifted it to you on level 11 of the Dungeon)
 10616 | D:11     | Received a gift from Sif Muna
 10623 | D:11     | Learned a level 5 spell: Fireball
 10814 | D:12     | Noticed a two-headed ogre
 10823 | D:12     | Killed a two-headed ogre
 10888 | D:13     | HP: 3/68 [cyclops/large rock (40)]
 11154 | D:10     | Found a staircase to the Orcish Mines.
 11222 | Orc:1    | Entered Level 1 of the Orcish Mines
 11273 | Orc:1    | Reached XP level 12. HP: 28/74 MP: 0/25
 11275 | Orc:1    | Noticed Fannar
 11284 | Orc:1    | Killed Fannar
 11362 | Orc:1    | Paralysed by an orc sorcerer for 5 turns
 11404 | Orc:1    | Noticed Snorg
 11425 | Orc:1    | Killed Snorg
 11476 | Orc:1    | Found a roughly hewn altar of Beogh.
 11589 | Orc:2    | Entered Level 2 of the Orcish Mines
 11640 | Orc:2    | Reached skill level 10 in Spellcasting
 11700 | Orc:2    | Found a roughly hewn altar of Beogh.
 11859 | Orc:2    | Found a roughly hewn altar of Beogh.
 11861 | Orc:2    | Found Igremm's Antique Weapon Emporium.
 11997 | Orc:2    | Found a roughly hewn altar of Beogh.
 12120 | Orc:2    | Found a roughly hewn altar of Beogh.
 12124 | Orc:2    | Found a staircase to the Elven Halls.
 12307 | Orc:2    | Found a roughly hewn altar of Beogh.
 12443 | Orc:2    | Found a roughly hewn altar of Beogh.
 12454 | Orc:2    | Found Kilo's General Store.
 12459 | Orc:2    | Bought a scroll of identify for 26 gold pieces
 12459 | Orc:2    | Bought a scroll of identify for 26 gold pieces
 13289 | Orc:2    | Reached skill level 12 in Conjurations
 13303 | Orc:2    | Found Ejuffai's Antique Weapon Shoppe.
 13304 | Orc:2    | Found a roughly hewn altar of Beogh.
 13304 | Orc:2    | Noticed Saint Roka
 13337 | Orc:2    | Received a gift from Sif Muna
 13458 | Orc:2    | Found Uheum's Antique Armour Emporium.
 13463 | Orc:2    | Bought a bloodstained morningstar for 279 gold pieces
 13470 | Orc:2    | Bought a translucent scale mail for 225 gold pieces
 13474 | Orc:2    | Identified the +4 morningstar of Watchfulness {speed, rN+} (You bought it in a shop on level 2 of the Orcish Mines)
 13475 | Orc:2    | Identified the +3 scale mail "Howk" {rPois Str+3 Slay+3} (You bought it in a shop on level 2 of the Orcish Mines)
 13676 | D:9      | Found a hazy altar of Hepliaklqana.
 13959 | D:9      | Found a staircase to the Lair.
 13986 | D:9      | Learned a level 7 spell: Orb of Destruction
 13993 | D:9      | Learned a level 6 spell: Iron Shot
 14106 | D:9      | Noticed a three-headed hydra
 14115 | D:9      | Killed a three-headed hydra
 14131 | D:9      | Killed a two-headed ogre
 14243 | D:9      | Got a faintly glowing halberd {chop}
 14244 | D:9      | Identified the +4 halberd "Viown" {chop, rPois Int+5} (You took it off a big kobold on level 9 of the Dungeon)
 14272 | Lair:1   | Entered Level 1 of the Lair of Beasts
 14395 | Lair:1   | Gained mutation: You are in touch with the powers of death. [Mummy growth]
 14395 | Lair:1   | Reached XP level 13. HP: 58/79 MP: 7/27
 15131 | Lair:4   | Found a staircase to the Swamp.
 15147 | Lair:4   | Reached skill level 13 in Conjurations
 15470 | Lair:6   | Entered Level 6 of the Lair of Beasts
 16317 | Lair:5   | Reached XP level 14. HP: 65/85 MP: 15/30
 16872 | Lair:6   | Reached skill level 10 in Invocations
 16913 | Lair:6   | Reached skill level 14 in Conjurations
 17576 | Lair:6   | Got a transparent bardiche
 17632 | Lair:6   | Identified the +1 bardiche of Quick Death {chop, MR+ Dex+3} (You found it on level 6 of the Lair of Beasts)
 17802 | Lair:4   | Identified Nympeq's Compendium of Confrontation (Sif Muna gifted it to you on level 4 of the Lair of Beasts)
 17802 | Lair:4   | Received a gift from Sif Muna
 17810 | Lair:4   | Learned a level 6 spell: Bolt of Fire
 18059 | Lair:3   | Found a staircase to the Snake Pit.
 18129 | Snake:1  | Entered Level 1 of the Snake Pit
 18730 | Lair:2   | Noticed dxctxrx's ghost (journeyman MfTm)
 18928 | Lair:2   | Killed dxctxrx's ghost
 19209 | Lair:2   | Reached skill level 15 in Conjurations
 19581 | D:12     | Reached XP level 15. HP: 90/90 MP: 4/32
 19843 | D:13     | Received a gift from Sif Muna
 20448 | D:13     | Noticed Rupert
 20470 | D:13     | HP: 3/90 [centaur[a centaur warrior] (8)]
 20779 | D:13     | Found a gate to the Vaults.
 20790 | D:13     | Reached skill level 10 in Fire Magic
 20806 | D:13     | Shot with an arrow by a centaur warrior

Vault maps used:
D:1:      saegor_arrival_under_anarchy, serial_forest,
          infiniplex_forest_lined_3, infiniplex_forest_lined_3_way,
          infiniplex_forest_lined_ring, infiniplex_forest_lined_corner,
          infiniplex_forest_lined_3, infiniplex_forest_straight_5
D:2:      grunt_qazlal_clouds, lemuel_crystal_altar, minmay_statues_item
D:3:      marbit_many_paths, first_bread, uniq_sigmund
D:4:      fedhas_bush_and_centaur_altar, uniq_duvessa, uniq_menkaure
D:5:      minmay_temple_entry_statues, nicolae_ashenzari_panopticon,
          uniq_eustachio
D:6:      old_standard_altar
D:7:      lemuel_doored_altar, zin_treasury
D:8:      nicolae_ru_the_path_less_chosen, minivault_25, uniq_grum, uniq_maurice
D:9:      nicolae_overflow_hidden_temple, grunt_lair_entry_orc_guard_hut,
          serial_shops, nicolae_shop_behind_doors, hangedman_ranch
D:10:     hiddenorc2_lemuel
D:11:     serial_glass, glass_columns_b, glass_columns_b, serial_shops, shop,
          special_room, minmay_misc_feat_enclosed
D:12:     uniq_nessos
D:13:     david_vaults_5, uniq_rupert
Temple:   eino_wide_crystal_templ
Lair:1:   serial_bayou_pond_e, infiniplex_staircase_pool_2, lemuel_fruit_tree,
          grunt_megastairs_1
Lair:2:   mu_elephants_graveyard
Lair:3:   guppyfry_snake_entry_island, beast_lair_carwin_2,
          minmay_lair_oklob_chamber, lemuel_fruit_fields
Lair:4:   statuecave_lemuel, minmay_swamp_entry_reptiles, beast_lair_carwin_8
Lair:5:   lookout_lair_type
Lair:6:   minmay_lair_end_frog_pond, dpeg_slime_entry_corner
Orc:1:    basic_altar, uniq_fannar, uniq_snorg
Orc:2:    grunt_orc_community_town_hall, grunt_orc_community_big_house_2,
          grunt_orc_community_big_house_1, grunt_orc_community_house_1,
          grunt_orc_community_house_3, grunt_orc_community_house_1,
          grunt_orc_community_house_2, grunt_orc_community_house_1,
          grunt_orc_community_house_1

Skill      XL: |  1  2  3  4  5  6  7  8  9 10 11 12 13 14 15 |
---------------+----------------------------------------------+-----
Throwing       | 2 |  2.4
Spellcasting   | 3 5 6 8 9 10 12 13 14 | 14.2
Conjurations   | 2 3 4 5 7 8 9 10 11 12 13 15 | 15.4
Invocations    | 3 4 5 6 8 9 10 | 10.1
Fire Magic     | 3 5 7 8 9 10 | 10.1
Translocations | |  1.5
Air Magic      | |  2.4
Earth Magic    | |  1.0

Action                   |  1- 3 |  4- 6 |  7- 9 | 10-12 | 13-15 || total
-------------------------+-------+-------+-------+-------+-------++-------
Melee: Hand axe          |       |    53 |   374 |       |       ||   427
       Halberd           |       |       |    23 |    96 |    92 ||   211
       Battleaxe         |       |       |    11 |   619 |       ||   630
       Morningstar       |       |       |       |    31 |       ||    31
       Staff             |       |       |       |       |     4 ||     4
 Fire: Blowgun           |    23 |    31 |    30 |       |       ||    84
 Cast: Magic Dart        |     6 |    37 |    47 |    50 |       ||   140
       Mephitic Cloud    |       |     6 |    38 |    92 |     2 ||   138
       Conjure Flame     |       |     1 |     9 |    47 |    14 ||    71
       Blink             |       |       |     1 |     5 |     1 ||     7
       Fireball          |       |       |       |   133 |   236 ||   369
       Orb of Destructio |       |       |       |     1 |    70 ||    71
       Bolt of Fire      |       |       |       |       |    75 ||    75
Invok: Channel Magic     |       |       |       |    10 |    24 ||    34
       Divine Energy     |       |       |       |     1 |       ||     1
Evoke: Wand              |       |       |       |    21 |     9 ||    30
  Use: Scroll            |       |     1 |     6 |    13 |    10 ||    30
 Stab: Sleeping          |       |     1 |     7 |     2 |     1 ||    11
       Confused          |       |       |    17 |    36 |       ||    53
Armor: Robe              |     2 |    25 |   122 |   285 |    62 ||   496
Dodge: Dodged            |     6 |    44 |   220 |   460 |   125 ||   855
